 Dungeon Crawl Stone Soup version 0.30.1 (webtiles) character file.

Game seed: 7099851666792820770

14982553 Calamarain the Invulnerable (level 27, 199/199 HPs)
             Began as a Gargoyle Fighter on July 3, 2023.
             Was the Champion of the Shining One.
             Escaped with the Orb
             ... and 15 runes on July 6, 2023!
             The game lasted 06:36:19 (104668 turns).

Calamarain the Invulnerable (Gargoyle Fighter)    Turns: 104668, Time: 06:36:19

Health: 199/199    AC: 68    Str: 36 (39) XL:     27
Magic:  36/36      EV: 21    Int: 18 (21) God:    the Shining One [******]
Gold:   9266       SH: 32    Dex: 21      Spells: 26/26 levels left

rFire   + + +        U - +9 sacred scourge (holy)
rCold   + + +        T - +2 tower shield {AC+3}
rNeg    + + +        v - +14 crystal plate armour of Fun {-Cast Will+ Regen+ Str+6}
rPois   ∞            w - -2 hat of the Alchemist {rElec rPois rF+ rC+ rN+ Will+ rMut rCorr}
rElec   +            L - +0 cloak "Ledgh" {rC+ Dex+2}
rCorr   +            I - +0 pair of fencer's gloves {Riposte Dex+3}
SInv    .            F - +2 pair of boots of the Other World {Will+ Int+8}
Will    +++++        P - amulet "Fupsub" {Faith rN+ Int+5} Stlth
                     a - ring of Jetynkoeb {rN+ rCorr Str+4 Dex+3}
HPRegen 1.33/turn    Q - ring of Quashiemp {rF++ rN+ Will+ rCorr Dex-2}
MPRegen 0.25/turn

%: no spellcasting, resist mutation, faith
@: flying, glowing
A: sickness immunity, AC +20, big wings, negative energy resistance 1,
electricity resistance, torment resistance 1, petrification resistance, hooves
1, horns 1, large bone plates 1, agile 1, cold resistance 1, deformed body,
deterioration 1, low MP 1, weak 1
0: Orb of Zot
}: 15/15 runes: decaying, slimy, silver, golden, iron, obsidian, icy, bone,
abyssal, demonic, glowing, magical, fiery, dark, gossamer
a: Renounce Religion, Divine Shield, Cleansing Flame, Summon Divine Warrior


You escaped.
You worshipped the Shining One.
The Shining One was exalted by your worship.
You visited 17 branches of the dungeon, and saw 85 of its levels.
You visited Pandemonium 4 times, and saw 18 of its levels.
You visited the Abyss 4 times.
You also visited: Gauntlet, Ice Cave and Wizlab.

You collected 12925 gold pieces.
You spent 3659 gold pieces at shops.

Inventory:

Hand Weapons
 U - a +9 sacred scourge of holy wrath (weapon)
Armour
 e - the +4 dragonskin cloak
   (You took it off Tiamat on level 3 of the Realm of Zot)

   Avatar's Aegis: It grants the wearer a chance to resist fire, cold, poison,
   electricity, acid, and negative energy.
 v - the +14 crystal plate armour of Fun (worn) {-Cast Will+ Regen+ Str+6}
   (You found it on level 3 of the Tomb of the Ancients)

   Str:       It affects your strength (+6).
   -Cast:     It prevents spellcasting.
   Regen:     It increases your rate of health regeneration.
   Will:      It increases your willpower.
 w - the -2 hat of the Alchemist (worn) {rElec rPois rF+ rC+ rN+ Will+ rMut rCorr}
   (You found it in a wizard's laboratory)

   rF:        It protects you from fire.
   rC:        It protects you from cold.
   rElec:     It insulates you from electricity.
   rPois:     It protects you from poison.
   rN:        It protects you from negative energy.
   rCorr:     It protects you from acid and corrosion.
   rMut:      It protects you from mutation.
   Will:      It increases your willpower.
 F - the +2 pair of boots of the Other World (worn) {Will+ Int+8}
   (You acquired it on level 12 of the Dungeon)

   Int:       It affects your intelligence (+8).
   Will:      It increases your willpower.
 I - the +0 pair of fencer's gloves (worn) {Riposte Dex+3}
   (You found it on level 2 of the Realm of Zot)

   Riposte:   It allows the wearer to riposte with melee weapons, swiftly
   retaliating against missed or blocked melee attacks.
   Dex:       It affects your dexterity (+3).
 L - the +0 cloak "Ledgh" (worn) {rC+ Dex+2}
   (You took it off a black draconian on level 3 of the Realm of Zot)

   Dex:       It affects your dexterity (+2).
   rC:        It protects you from cold.
 N - a scarf of resistance
 T - a +2 tower shield of protection (worn)
Jewellery
 a - the ring of Jetynkoeb (left hand) {rN+ rCorr Str+4 Dex+3}
   (You found it on level 5 of the Pits of Slime)

   [ring of positive energy]

   Str:       It affects your strength (+4).
   Dex:       It affects your dexterity (+3).
   rN:        It protects you from negative energy.
   rCorr:     It protects you from acid and corrosion.
 c - a ring of protection from fire
 d - the amulet of the Median {Spirit rF+++ rC++ Dex-3 Stlth+}
   (You found it on level 5 of the Pits of Slime)

   [amulet of guardian spirit]

   It causes incoming damage to be divided between your reserves of health and
   magic.
   Dex:       It affects your dexterity (-3).
   rF:        It renders you almost immune to fire.
   rC:        It greatly protects you from cold.
   Stlth:     It makes you more stealthy.
 i - a +4 ring of slaying
 n - an amulet of regeneration
 z - a +4 ring of protection
 C - a +4 ring of protection
 H - the amulet of Loujaobb {Acrobat rF++ rC+ SInv}
   (You found it on level 7 of Gehenna)

   [amulet of the acrobat]

   It increases your evasion while moving and waiting.
   rF:        It greatly protects you from fire.
   rC:        It protects you from cold.
   SInv:      It lets you see invisible.
 M - a +4 ring of slaying
 P - the amulet "Fupsub" (around neck) {Faith rN+ Int+5}
   (You found it on level 7 of Cocytus)

   [amulet of faith]

   It allows you to gain divine favour quickly.
   Int:       It affects your intelligence (+5).
   rN:        It protects you from negative energy.
 Q - the ring of Quashiemp (right hand) {rF++ rN+ Will+ rCorr Dex-2}
   (You bought it in a shop on level 10 of the Dungeon)

   [ring of willpower]

   Dex:       It affects your dexterity (-2).
   rF:        It greatly protects you from fire.
   rN:        It protects you from negative energy.
   rCorr:     It protects you from acid and corrosion.
   Will:      It increases your willpower.
 V - an amulet of reflection
 X - a ring of willpower
Wands
 j - a wand of digging (31)
 s - a wand of flame (84)
 x - a wand of mindburst (32)
 y - a wand of paralysis (99)
 A - a wand of polymorph (52)
 D - a wand of roots (99)
 S - a wand of acid (26)
Scrolls
 k - 9 scrolls of immolation
 m - 22 scrolls of teleportation
 p - 7 scrolls of silence
 q - 17 scrolls of fog
 r - 14 scrolls of fear
 E - 21 scrolls of poison
 G - 3 scrolls of summoning
 J - 4 scrolls of blinking
Potions
 g - 4 potions of resistance
 l - 10 potions of lignification
 o - 16 potions of brilliance
 t - 22 potions of mutation
 u - 28 potions of curing
 O - 6 potions of might
 W - 2 potions of haste
 Z - 2 potions of magic
Miscellaneous
 b - a figurine of a ziggurat
 h - a lightning rod (4/4)
 B - a box of beasts
 K - a condenser vane
 R - a phantom mirror
 Y - a phial of floods


   Skills:
 O Level 27 Fighting
 O Level 27 Maces & Flails
 O Level 27 Armour
 + Level 20.8 Dodging
 + Level 25.2 Shields
 O Level 27 Invocations
 + Level 19.9 Evocations


You had 26 spell levels left.
You didn't know any spells.
Your spell library contained the following spells:

 Spells                   Type           Power      Damage    Failure   Level
 Beastly Appendage        Tmut           0%         N/A       67%         1
 Foxfire                  Conj/Fire      0%         2x1d4     67%         1
 Freeze                   Ice            0%         1d3       67%         1
 Magic Dart               Conj           0%         1d3       67%         1
 Necrotise                Necr           0%         1d4       67%         1
 Sandblast                Erth           0%         2d4       67%         1
 Shock                    Conj/Air       0%         1d3       67%         1
 Slow                     Hex            0%         N/A       67%         1
 Sting                    Tmut/Pois      0%         1d3       67%         1
 Blink                    Tloc           0%         N/A       82%         2
 Call Imp                 Summ           0%         N/A       82%         2
 Ensorcelled Hibernation  Hex/Ice        0%         N/A       82%         2
 Lesser Beckoning         Tloc           0%         N/A       82%         2
 Passwall                 Tmut/Erth      0%         N/A       82%         2
 Poisonous Vapours        Pois/Air       0%         N/A       82%         2
 Scorch                   Fire           0%         2d5       82%         2
 Wereblood                Tmut           0%         N/A       82%         2
 Dazzling Flash           Conj/Hex       0%         N/A       96%         3
 Frozen Ramparts          Ice            0%         1d1       96%         3
 Gell's Gravitas          Tloc           0%         N/A       96%         3
 Hailstorm                Conj/Ice       0%         3d3       96%         3
 Ignite Poison            Fire/Tmut/Pois 0%         N/A       96%         3
 Mephitic Cloud           Conj/Pois/Air  0%         N/A       96%         3
 Ozocubu's Armour         Ice            0%         N/A       96%         3
 Portal Projectile        Hex/Tloc       0%         N/A       96%         3
 Spider Form              Tmut/Pois      0%         N/A       96%         3
 Stone Arrow              Conj/Erth      0%         3d7       96%         3
 Teleport Other           Tloc           0%         N/A       96%         3
 Tukima's Dance           Hex            0%         N/A       96%         3
 Vampiric Draining        Necr           0%         2d6       96%         3
 Vhi's Electric Charge    Tloc/Air       0%         N/A       96%         3
 Anguish                  Hex/Necr       0%         N/A       100%        4
 Animate Armour           Summ/Erth      0%         N/A       100%        4
 Animate Dead             Necr           0%         N/A       100%        4
 Cause Fear               Hex            0%         N/A       100%        4
 Dispel Undead            Necr           0%         3d6       100%        4
 Flame Wave               Conj/Fire      0%         2d4       100%        4
 Fulminant Prism          Conj/Hex       0%         3d5       100%        4
 Ice Form                 Ice/Tmut       0%         N/A       100%        4
 Manifold Assault         Tloc           0%         N/A       100%        4
 Olgreb's Toxic Radiance  Pois           0%         N/A       100%        4
 Passage of Golubria      Tloc           0%         N/A       100%        4
 Sticky Flame             Conj/Fire      0%         2d3       100%        4
 Agony                    Necr           0%         N/A       100%        5
 Alistair's Intoxication  Tmut/Pois      0%         N/A       100%        5
 Arcjolt                  Conj/Air       0%         1d10      100%        5
 Blade Hands              Tmut           0%         N/A       100%        5
 Borgnjor's Vile Clutch   Necr/Erth      0%         N/A       100%        5
 Fireball                 Conj/Fire      0%         3d3       100%        5
 Freezing Cloud           Conj/Ice/Air   0%         6-21      100%        5
 Irradiate                Conj/Tmut      0%         3d11      100%        5
 Iskenderun's Battlesphe  Conj           0%         2d6       100%        5
 Silence                  Hex/Air        0%         N/A       100%        5
 Summon Forest            Summ/Tloc      0%         N/A       100%        5
 Summon Mana Viper        Hex/Summ       0%         N/A       100%        5
 Conjure Ball Lightning   Conj/Air       0%         3x3d6     100%        6
 Death Channel            Necr           0%         N/A       100%        6
 Dispersal                Tloc           0%         N/A       100%        6
 Eringya's Noxious Bog    Tmut/Pois      0%         N/A       100%        6
 Iron Shot                Conj/Erth      0%         9d1       100%        6
 Plasma Beam              Fire/Air       0%         2x1d11    100%        6
 Starburst                Conj/Fire      0%         6d3       100%        6
 Summon Cactus Giant      Summ           0%         N/A       100%        6
 Dragon Form              Tmut           0%         N/A       100%        7
 Enfeeble                 Hex            0%         N/A       100%        7
 Haunt                    Necr/Summ      0%         N/A       100%        7
 Malign Gateway           Summ/Tloc      0%         N/A       100%        7
 Orb of Destruction       Conj           0%         9d5       100%        7
 Ozocubu's Refrigeration  Ice            0%         4d7       100%        7
 Spellforged Servitor     Conj/Summ      0%         N/A       100%        7
 Storm Form               Tmut/Air       0%         N/A       100%        7
 Summon Hydra             Summ           0%         N/A       100%        7
 Borgnjor's Revivificati  Necr           0%         N/A       100%        8
 Discord                  Hex            0%         N/A       100%        8
 Disjunction              Tloc           0%         N/A       100%        8
 Ignition                 Fire           0%         3d3       100%        8
 Infestation              Necr           0%         N/A       100%        8
 Lehudib's Crystal Spear  Conj/Erth      0%         10d2      100%        8
 Maxwell's Capacitive Co  Air            0%         ∞         100%        8
 Necromutation            Tmut/Necr      0%         N/A       100%        8
 Summon Horrible Things   Summ           0%         N/A       100%        8
 Death's Door             Necr           0%         N/A       100%        9
 Dragon's Call            Summ           0%         N/A       100%        9
 Cigotuvi's Dreadful Rot  Necr/Pois/Air  Unusable   N/A       N/A         2
 Sublimation of Blood     Necr           Unusable   N/A       N/A         2

Dungeon Overview and Level Annotations

Branches:
Dungeon (15/15)            Temple (1/1) D:6            Lair (5/5) D:9
  Swamp (4/4) Lair:2       Spider (4/4) Lair:2        Slime (5/5) Lair:4
    Orc (2/2) D:9             Elf (0/3) Orc:2        Vaults (5/5) D:13
  Crypt (3/3) Vaults:2       Tomb (3/3) Crypt:3      Depths (4/4) D:15
   Hell (visited)             Dis (7/7) Hell            Geh (7/7) Hell
    Coc (7/7) Hell            Tar (7/7) Hell            Zot (5/5) Depths:4
  IceCv (visited)          WizLab (visited)         Gauntlet (visited)

Altars:
Ashenzari
Cheibriados
Dithmenos
Elyvilon
Fedhas
Gozag
Hepliaklqana
Kikubaaqudgha
Makhleb
Nemelex Xobeh
Okawaru
Qazlal
Ru
Sif Muna
Trog
Uskayaw
Vehumet
Wu Jian
Xom
Yredelemnul
Zin
The Shining One
Jiyva

Shops:
D:8 (*?   D:10 =   D:15 ?:([(   Orc:2 *?[=   Vaults:2 [   Vaults:4 :
Depths:4 *

Portals:
Hell: Depths:1 Depths:2 Depths:3 Depths:4
Abyss: Depths:1 Depths:3 Depths:4
Pandemonium: Orc:2 Depths:2 Depths:3
Ziggurat: Depths:1

Annotations:
D:11 exclusion: 4 oklob plants
Depths:2 1 runed translucent door
Geh:5 12 runed translucent doors
Tar:6 exclusion: 3 oklob plants


Innate Abilities, Weirdness & Mutations

You are immune to sickness and miasma.
Your stone body is resilient. (AC +20)
You are immune to poison.
Your large and strong wings let you fly.
You resist negative energy. (rN+)
You are resistant to electric shocks. (rElec)
You are resistant to unholy torment.
You are immune to petrification.
You have large cloven feet.
You have a pair of small horns on your head.
You are partially covered in large bone plates. (SH +4)
You are agile. (Dex +4, Str/Int -1)
Your flesh is cold resistant. (rC+)
Armour fits poorly on your strangely shaped body.
Your body sometimes deteriorates upon taking damage.
Your magical capacity is low. (-10% MP)
You are weak. (Str -2)


Message History

You whack the cacodemon!
The cacodemon convulses!
You headbutt the cacodemon, but do no damage.
The cacodemon is heavily wounded.
Unknown command.
You punish the cacodemon, causing immense pain!!!
The cacodemon convulses!
The cacodemon is almost dead.
The cacodemon misses you.
You riposte.
You hit the cacodemon but do no damage.
The cacodemon is almost dead.
You block the cacodemon's attack. You block the orange demon's attack.
Unknown command.
You hit the cacodemon.
The cacodemon convulses.
Your headbutt misses the cacodemon.
The cacodemon is almost dead.
Unknown command.
You punish the cacodemon, causing immense pain!!!
You kill the cacodemon!
The Shining One accepts your kill. You block the orange demon's attack.
You feel your strength returning.
Unknown command.
You block the orange demon's attack. x2
You thrash the orange demon!!
The orange demon convulses.
You headbutt the orange demon.
The orange demon is heavily wounded.
You punish the orange demon, causing immense pain!!!
You kill the orange demon!
The Shining One accepts your kill.
An orange demon comes into view.
The orange demon screeches!
You block the orange demon's attack.
You block the orange demon's attack. x2; You riposte.
You completely miss the orange demon.
You punish the orange demon, causing immense pain!!!
The orange demon convulses!!!
You kill the orange demon!
The Shining One accepts your kill.
A Tzitzimitl comes into view.
There is a staircase leading out of the dungeon here.
You have escaped!

.......# ##### ##.....# .......#
#.##### ...##### #.### #### #...#
#### ###.# #..## ##...# ### #...#
######### #....# ..#
#...###...8...###....# ..#
#...##..8.@.8..##....# ..#
#...#8.........8#....# ..#
#......81.(..8.......# ..#
#...#8.........8#....# #.#
#...##..8...8..##....#
..#####...###...8...###....#
...##.....# ######### #....####
#...#.#..## ##......###
###...####################......#


You could see a Tzitzimitl.

Vanquished Creatures
  the Royal Jelly (Slime:5)
  Antaeus (Coc:7)
  the Serpent of Hell (Dis:7)
  Dispater (Dis:7)
  6 pandemonium lords (Pan)
  8 dread liches
  4 orbs of fire
  4 ancient liches
  Mennas (Pan)
  2 juggernauts
  32 royal mummies
  Sojobo (Vaults:1)
  4 Killer Klowns (Zot:5)
  Josephina (Depths:4)
  Boris (twice) (Crypt:3 Tomb:1)
  Bai Suzhen (Vaults:2)
  Frederick (Vaults:1)
  the Lernaean hydra (Swamp:4)
  15 shard shrikes
  3 curse toes
  42 caustic shrikes
  6 profane servitors
  11 golden dragons
  A mutant beast (WizLab)
  27 bone dragons
  11 doom hounds
  12 Brimstone Fiends
  A shard shrike zombie (Crypt:3)
  7 Tzitzimimeh
  A spectral shard shrike (Tar:3)
  2 electric golems
  12 Ice Fiends
  11 hellephants
  14 tentacled monstrosities
  17 Hell Sentinels
  9 iron giants
  15 tainted leviathans
  5 liches
  Asterion (Vaults:1)
  22 Orb Guardians
  4 quicksilver dragons
  26 acid blobs
  18 searing wretches
  15 titans
  Murray (Hell)
  13 Executioners (Pan)
  3 death cobs
  24 ancient champions
  8 sphinxes
  7 shadow dragons
  12 tengu reavers
  Agnes (Spider:1)
  13 storm dragons
  7 revenants
  6 draconian knights
  11 rockslimes
  A fenstrider witch (Swamp:1)
  7 demonspawn warmongers (Pan)
  12 azure jellies
  11 fire giants
  9 frost giants
  2 nagarajas (Depths:3)
  An azure jelly (shapeshifter) (Vaults:4)
  4 narguns
  9 draconian monks
  15 vault wardens
  7 quicksilver elementals
  44 balrugs
  7 draconian scorchers
  2 emperor scorpions
  21 ghouls
  An iron dragon (Dis:2)
  5 ghost moths
  12 shard shrike simulacra
  2 orc warlords
  4 curse skulls
  3 juggernaut zombies
  The ghost of Gabide the Marksdemigod, a journeyman DgHu (D:14)
  4 draconian stormcallers
  An angel (Pan)
  16 cacodemons
  A spectral caustic shrike (Tar:6)
  12 draconian shifters
  6 demonspawn blood saints (Pan)
  6 draconian annihilators
  3 broodmothers
  8 reapers
  14 ironbound preservers
  2 spriggan defenders (Depths:1)
  A juggernaut skeleton (Pan)
  25 war gargoyles
  3 quicksilver oozes
  An apis (Pan)
  4 demonspawn corrupters (Pan)
  An ophan (Pan)
  3 caustic shrike skeletons
  6 ironbound thunderhulks
  15 stone giants
  9 vampire knights
  4 eleionomae
  18 very ugly things
  6 green draconians
  Nessos (D:14)
  22 elemental wellsprings
  18 white draconians
  19 purple draconians
  8 black draconians
  11 lorocyprocas
  17 putrid mouths
  5 grey draconians
  12 bennus
  10 dire elephants
  16 yellow draconians
  4 bunyips (Swamp:3)
  5 demonspawn black suns (Pan)
  9 red draconians
  2 spark wasps
  2 spectral titans
  A deep elf annihilator (Vaults:5)
  11 wendigos
  A minotaur (Gauntlet)
  A crystal guardian (Vaults:1)
  11 eidola
  23 mummy priests
  17 blizzard demons
  3 deep elf death magi (Crypt:2)
  10 ettins
  3 deep elf high priests
  9 green deaths
  An entropy weaver (Vaults:3)
  A spectral quicksilver dragon (Tar:3)
  8 fire dragons
  8 yaktaur captains
  A kraken zombie (Hell)
  6 jiangshi
  2 shambling mangroves
  A spectral iron giant (Tar:3)
  17 ice dragons
  A spectral spriggan (Tar:3)
  2 fenstrider witch zombies
  Harold (Lair:1)
  A quicksilver dragon skeleton (Depths:1)
  14 juggernaut simulacra
  15 salamander tyrants
  33 vault guards
  5 caustic shrike simulacra
  8 rakshasas
  6 hell beasts
  6 great orbs of eyes
  2 anacondas (Depths:3)
  2 spriggan air magi
  Erica (Lair:2)
  2 ogre magi
  A demonspawn (Orc:2)
  10 boulder beetles
  3 jorogumos
  6 two-headed ogres
  17 hydras
  A bennu zombie (Crypt:2)
  A boulder beetle (shapeshifter) (Depths:2)
  2 peacekeepers
  A fenstrider witch skeleton (Tomb:1)
  10 naga warriors (Depths:3)
  5 death knights
  7 ironbound frosthearts
  4 radroaches
  7 stokers
  4 death yaks
  2 ghost crabs
  17 centaur warriors
  A spectral stone giant (Tar:3)
  84 death scarabs
  12 alligators
  6 deep troll shamans
  16 tengu warriors
  28 hell hogs
  Urug (Lair:1)
  3 vampire magi
  7 spriggan berserkers
  2 thrashing horrors
  7 orc high priests (Orc:2)
  12 crystal echidnas
  A quicksilver ooze zombie (Crypt:3)
  5 deep troll earth magi
  10 hell knights
  40 sun demons
  2 spectral dire elephants
  18 spriggans
  Nergalle (Lair:2)
  25 shadow wraiths
  A wretched star (Abyss:3)
  A storm dragon zombie (Depths:1)
  2 sun moths
  21 soul eaters
  27 large abominations
  6 iron trolls
  12 skeletal warriors
  2 titan skeletons
  A cherub (Pan)
  6 goliath frogs
  A spatial maelstrom (Abyss:3)
  4 pharaoh ants
  A spectral iron dragon (Tar:1)
  22 deep trolls
  8 quicksilver dragon simulacra
  17 sixfirhies
  2 fire crabs (shapeshifter) (WizLab)
  7 spriggan druids
  An anaconda zombie (Hell)
  A sea snake (Depths:3)
  8 swamp dragons
  Amaemon (Lair:2)
  3 bog bodies
  3 flayed ghosts
  An orange crystal statue (Depths:4)
  6 orb spiders
  20 ironbound convokers
  A lindwurm (shapeshifter) (Vaults:4)
  11 steelbarb worms
  An iron giant skeleton (Crypt:2)
  3 glowing orange brains
  12 shadow demons
  12 orc knights
  9 lindwurms
  4 harpies (Vaults:1)
  13 phantasmal warriors
  7 spriggan simulacra
  10 necromancers
  2 fire giant zombies
  A steelbarb worm (shapeshifter) (WizLab)
  A bunyip skeleton (Crypt:3)
  A harpy (shapeshifter) (WizLab)
  10 wizards
  A tengu zombie (Depths:1)
  21 ugly things
  6 deep elf pyromancers
  A mana viper (shapeshifter) (Depths:3)
  An oklob plant (Lair:3)
  3 frost giant zombies
  36 wolf spiders
  6 orc sorcerers (Orc:2)
  6 cyclopes
  5 manticores
  3 shining eyes
  2 draconians (Abyss:3)
  2 spectral centaurs
  A will-o-the-wisp (Swamp:3)
  A black mamba (shapeshifter) (WizLab)
  33 moths of wrath
  3 elephants (Lair:5)
  Maurice (D:7)
  A stone giant skeleton (Abyss:3)
  A water nymph (shapeshifter) (Depths:1)
  10 rust devils
  3 fire giant skeletons (Depths:1)
  8 black mambas
  A frost giant skeleton (Depths:3)
  8 guardian serpents
  6 ice statues
  An eye of devastation (shapeshifter) (Vaults:5)
  4 naga magi (Depths:3)
  17 orange demons
  3 gargoyles
  A guardian serpent (shapeshifter) (WizLab)
  11 torpor snails
  14 demonic crawlers
  A centaur skeleton (Pan)
  7 molten gargoyles
  25 vault sentinels
  2 emperor scorpion simulacra
  A torpor snail (shapeshifter) (Vaults:4)
  A cane toad (shapeshifter) (WizLab)
  21 smoke demons
  Maggie (Lair:2)
  Psyche (D:8)
  7 titan simulacra
  4 dire elephant skeletons
  A death yak zombie (Crypt:1)
  8 cane toads (Lair:5)
  3 naga skeletons
  6 efreet
  A sea snake zombie (Crypt:2)
  An unseen horror (D:12)
  23 hellions
  An unseen horror (shapeshifter) (WizLab)
  A redback zombie (Crypt:3)
  5 spriggan zombies
  3 anaconda simulacra
  4 kobold demonologists (Abyss:3)
  23 yaktaurs
  3 yaktaurs (shapeshifter) (WizLab)
  A rime drake (shapeshifter) (WizLab)
  26 tormentors
  2 rime drakes
  2 tengu conjurers (D:14)
  3 komodo dragons
  10 ice devils
  7 freezing wraiths
  2 spectral harpies (Tar:2)
  An orb spider zombie (Crypt:1)
  3 spriggan skeletons
  4 iron giant simulacra
  2 ancient zymes
  33 guardian mummies
  7 red devils
  4 hydra zombies (Hell)
  A meliai (Spider:3)
  A troll (shapeshifter) (WizLab)
  16 tyrant leeches
  4 silent spectres
  A merfolk (shapeshifter) (D:15)
  A queen bee (D:11)
  A harpy zombie (Crypt:3)
  20 hellwings
  3 polar bears
  Grinder (D:4)
  25 hornets
  A wind drake (shapeshifter) (WizLab)
  2 harpy skeletons (Pan)
  2 hydra skeletons
  10 trolls
  Prince Ribbit (D:6)
  12 blink frogs (Lair:2)
  23 tarantellas
  A raiju (Abyss:1)
  An ettin zombie (Depths:1)
  A sphinx simulacrum (Depths:4)
  2 iron dragon simulacra
  A raiju (shapeshifter) (WizLab)
  A guardian serpent skeleton (Crypt:2)
  2 jumping spiders (shapeshifter) (WizLab)
  A spectral black mamba (Tar:1)
  2 stone giant simulacra
  A centaur simulacrum (Crypt:2)
  An ice dragon skeleton (Crypt:1)
  A culicivora (shapeshifter) (WizLab)
  89 slime creatures
  An alligator skeleton (Crypt:2)
  A fire dragon skeleton (Tomb:2)
  17 culicivoras
  20 flying skulls
  32 jumping spiders
  A vampire (D:11)
  14 wraiths
  16 wyverns
  8 water elementals
  2 shadows
  5 dire elephant simulacra
  3 yaks (shapeshifter) (WizLab)
  4 naga simulacra (Coc:7)
  56 yaks
  An ettin skeleton (Pan)
  22 ynoxinuls
  15 ushabtiu
  5 basilisks
  21 iron golems
  An alligator snapping turtle simulacrum (Coc:3)
  A golden eye (shapeshifter) (WizLab)
  2 golden eyes
  20 neqoxecs
  43 redbacks
  13 chaos spawn
  8 vampire mosquitoes
  A steam dragon (D:10)
  12 swamp worms
  A naga (Depths:3)
  19 harpy simulacra
  3 wargs
  A glowing shapeshifter zombie (Depths:1)
  8 acid dragons
  3 hell hounds (Hell)
  A glowing shapeshifter skeleton (Depths:1)
  A water moccasin (shapeshifter) (WizLab)
  20 water moccasins
  5 floating eyes
  5 hydra simulacra
  A demonspawn skeleton (Crypt:1)
  40 orc warriors
  8 swamp drakes
  3 black bears (D:9)
  3 ettin simulacra
  A meliai simulacrum (D:11)
  7 ogres
  A blink frog zombie (Crypt:2)
  6 wolves
  A tengu (shapeshifter) (WizLab)
  6 boggarts
  A blink frog skeleton (Crypt:3)
  4 starcursed masses (Abyss:3)
  10 centaurs
  4 kobold brigands
  9 bullfrogs
  A komodo dragon zombie (Crypt:3)
  3 scorpions
  2 gnoll sergeants (D:11)
  A necrophage (Crypt:3)
  3 wights (D:6)
  39 killer bees
  2 swamp dragon simulacra
  An elephant simulacrum (IceCv)
  An electric eel (D:8)
  A raiju skeleton (Crypt:1)
  2 crimson imps (Pan)
  10 howler monkeys
  4 jellies
  26 orc priests
  3 hounds
  4 iron imps (Gauntlet)
  3 sleepcaps (D:3)
  A boggart zombie (Crypt:1)
  4 iguanas
  25 orc wizards
  A troll simulacrum (IceCv)
  8 small abominations
  50 mummies
  6 adders
  11 gnolls
  3 shadow imps
  5 white imps
  3 ufetubi
  2 worms (D:2)
  4 dart slugs
  71 orcs
  8 endoplasms
  4 giant cockroaches
  6 goblins
  3 hobgoblins
  8 jackals
  2 quokkas
  5 ball pythons
  6 bats
  2 frilled lizards
  A giant cockroach zombie (Crypt:1)
  15 kobolds
  5 rats
  A rat zombie (Crypt:3)
  A creeping inferno (Geh:1)
  16 fire vortices
  2 spectral weapons
3505 creatures vanquished.

Vanquished Creatures (collateral kills)
  Cerebov (Pan)
  Asmodeus (Geh:7)
  Ereshkigal (Tar:7)
  Gloorx Vloq (Pan)
  Lom Lobon (Pan)
  Mnoleg (Pan)
  Tiamat (Zot:3)
  A shard shrike (Coc:3)
  10 royal mummies
  Parghit (Depths:4)
  Geryon (Hell)
  A golden dragon (Vaults:5)
  A Brimstone Fiend (Pan)
  2 Tzitzimimeh (Tar:7)
  2 tentacled monstrosities
  A Hell Sentinel (Dis:7)
  A tainted leviathan (Tar:7)
  2 liches
  A quicksilver dragon (Abyss:3)
  An acid blob (Slime:5)
  2 titans (Coc:3)
  An Executioner (Pan)
  4 ancient champions
  A tengu reaver (Vaults:5)
  2 shadow dragons
  A nargun (Coc:3)
  A demonspawn warmonger (Pan)
  A daeva (Abyss:3)
  A frost giant (Depths:4)
  4 balrugs (Pan)
  A vault warden (Vaults:5)
  3 reapers
  2 draconian stormcallers
  3 iron dragons
  A draconian annihilator (Pan)
  A stone giant (Dis:4)
  A vampire knight (Hell)
  A lorocyproca (Pan)
  A deep elf annihilator (Pan)
  A yellow draconian (Depths:4)
  A red draconian (Depths:4)
  7 mummy priests
  2 blizzard demons (Pan)
  A green death (Pan)
  An ettin (Vaults:5)
  A deep elf death mage (Vaults:5)
  An iron golem (Dis:4)
  A yaktaur captain (Vaults:5)
  A deep elf high priest (Vaults:5)
  2 rakshasas (Pan)
  8 vault guards (Vaults:5)
  A salamander tyrant (Geh:1)
  An ice dragon (Zot:3)
  9 death scarabs
  4 soul eaters
  12 sun demons
  A deep troll earth mage (Depths:3)
  A crystal echidna (Dis:7)
  2 skeletal warriors
  A shadow demon (Pan)
  A deep troll (Depths:4)
  A glowing orange brain (Pan)
  An anaconda skeleton (Hell)
  2 wizards (Pan)
  A phantasmal warrior (Vaults:5)
  A large abomination (Pan)
  A moth of wrath (Zot:3)
  2 rust devils (Hell)
  An ice statue (Pan)
  A demonic crawler (Pan)
  2 smoke demons
  An efreet (Pan)
  2 yaktaurs (Vaults:5)
  An ice devil (Pan)
  10 guardian mummies
  A hydra zombie (Hell)
  A hellwing (Pan)
  A flying skull (Tomb:3)
  An ushabti (Tomb:2)
  A ynoxinul (Pan)
  A starcursed mass (Abyss:3)
  An alligator snapping turtle simulacrum (Coc:3)
  2 neqoxecs (Pan)
  A redback (shapeshifter) (Vaults:5)
  2 hell hounds (Hell)
  18 mummies
  An adder (shapeshifter) (Vaults:5)
  7 fire vortices (Pan)
  3 spectral weapons
  2 tentacles (Hell)
194 creatures vanquished.

Vanquished Creatures (others)
  4 fire giants
  A reaper (Coc:3)
  A wendigo (Coc:7)
  A blizzard demon (Pan)
  3 caustic shrike simulacra (Coc:7)
  A stoker (Geh:7)
  A sun demon (Pan)
  A glowing orange brain (Pan)
  A spriggan simulacrum (Coc:3)
  2 titan simulacra (Coc:7)
  A molten gargoyle (Geh:7)
  A hellion (Coc:7)
  An anaconda simulacrum (Coc:7)
  A tengu conjurer (D:12)
  A naga simulacrum (Coc:7)
  A dire elephant simulacrum (Coc:7)
  2 harpy simulacra (Coc:7)
  An ettin simulacrum (Coc:7)
  3 ball lightnings (Pan)
  3 creeping infernos
  5 fire vortices
  2 foxfires (Swamp:3)
  2 starspawn tentacles (Pan)
  4 tentacles (Hell)
44 creatures vanquished.

Grand Total: 3743 creatures vanquished

Notes
Turn   | Place    | Note
-------+----------+-------------------------------------------
     0 | D:1      | Calamarain the Gargoyle Fighter began the quest for the
                  | Orb.
     0 | D:1      | Reached XP level 1. HP: 14/14 MP: 1/1
   102 | D:1      | You fall into a shaft and drop 1 floor!
   161 | D:2      | Reached XP level 2. HP: 11/19 MP: 2/2
   585 | D:1      | Reached XP level 3. HP: 23/23 MP: 3/3
   898 | D:2      | Reached XP level 4. HP: 28/28 MP: 4/4
  2082 | D:3      | Reached skill level 5 in Maces & Flails
  2082 | D:3      | Reached XP level 5. HP: 25/32 MP: 5/5
  2619 | D:4      | Noticed Grinder
  2743 | D:4      | Paralysed by Grinder for 4 turns
  2763 | D:4      | Paralysed by Grinder for 3 turns
  2767 | D:4      | Killed Grinder
  2768 | D:4      | Reached XP level 6. HP: 27/37 MP: 6/6
  2850 | D:4      | Reached XP level 7. HP: 40/41 MP: 7/7
  3232 | D:5      | Entered Level 5 of the Dungeon
  3304 | D:5      | Found a broken altar of Ashenzari.
  3317 | D:5      | Found a glowing silver altar of Zin.
  4033 | D:5      | Reached XP level 8. HP: 35/46 MP: 8/8
  4274 | D:5      | Found a stormy altar of Qazlal.
  4325 | D:6      | Reached skill level 1 in Evocations
  4460 | D:6      | Noticed Prince Ribbit
  4466 | D:6      | Killed Prince Ribbit
  4474 | D:6      | Found a shadowy altar of Dithmenos.
  5036 | D:6      | Reached XP level 9. HP: 52/52 MP: 9/9
  5197 | D:6      | Found a staircase to the Ecumenical Temple.
  5213 | Temple   | Entered the Ecumenical Temple
  5300 | Temple   | Became a worshipper of the Shining One
  5344 | D:6      | Reached skill level 10 in Maces & Flails
  5423 | D:6      | Found an opulent altar of Gozag.
  5693 | D:6      | Found a faded altar of an unknown god.
  5693 | D:6      | Found a sparkling altar of Nemelex Xobeh.
  5700 | D:6      | Found a faded altar of an unknown god.
  5702 | D:6      | Found a blossoming altar of Fedhas.
  5705 | D:6      | Found a sacrificial altar of Ru.
  5884 | D:7      | Reached skill level 5 in Shields
  6097 | D:7      | Reached skill level 5 in Fighting
  6097 | D:7      | Reached skill level 5 in Armour
  6671 | D:7      | Reached * piety under the Shining One
  7514 | D:8      | Reached XP level 10. HP: 60/60 MP: 10/10
  7561 | D:8      | Found an ancient bone altar of Kikubaaqudgha.
  7611 | D:8      | Found Fypsumiresk's Weapon Emporium.
  7613 | D:8      | Found Kejiar's Magic Scroll Shop.
  7613 | D:8      | Found Nuhacas's General Store.
  7617 | D:8      | Bought a scroll of immolation for 52 gold pieces
  7617 | D:8      | Bought a scroll of vulnerability for 52 gold pieces
  7619 | D:8      | Bought a potion of resistance for 150 gold pieces
  7622 | D:8      | Noticed a two-headed ogre
  7679 | D:8      | Noticed Psyche
  7681 | D:8      | Noticed Maurice
  7686 | D:8      | Paralysed by Psyche for 2 turns
  7864 | D:7      | Killed Maurice
  7969 | D:8      | Killed a two-headed ogre
  7992 | D:8      | Noticed Grum
  7993 | D:8      | Killed Psyche
  8176 | D:8      | Grum changed into Grum the wolf
  8176 | D:8      | Noticed Grum
  8180 | D:8      | Killed Grum the wolf
  8424 | D:8      | Reached ** piety under the Shining One
  8575 | D:8      | Bought a scroll of enchant armour for 97 gold pieces
  8575 | D:8      | Bought a scroll of identify for 26 gold pieces
  8575 | D:8      | Bought a scroll of identify for 26 gold pieces
  8575 | D:8      | Bought a scroll of identify for 26 gold pieces
  8760 | D:9      | Reached skill level 5 in Evocations
  8911 | D:9      | Found a staircase to the Orcish Mines.
  9047 | D:9      | Found a shimmering altar of Xom.
  9064 | D:9      | Reached XP level 11. HP: 44/67 MP: 11/11
  9385 | D:9      | Found an ornate altar of the Wu Jian Council.
  9466 | D:9      | Found a staircase to the Lair.
  9516 | D:9      | Identified the +5 dagger of Evisceration {heavy, *Rage rF+
                  | rN+++}
  9593 | D:9      | Found a snail-covered altar of Cheibriados.
  9790 | D:10     | Entered Level 10 of the Dungeon
  9964 | D:10     | Found Archyusof's Jewellery Emporium.
 10076 | D:10     | Identified the +1 pair of gloves "Zamia" {Int+2}
 10159 | D:10     | Noticed a two-headed ogre
 10177 | D:10     | Reached skill level 1 in Invocations
 10195 | D:10     | Killed a two-headed ogre
 10471 | D:10     | Noticed a two-headed ogre
 10490 | D:10     | Killed a two-headed ogre
 10651 | D:10     | Noticed a wolf spider
 10653 | D:10     | Noticed an ogre mage
 10669 | D:10     | Killed an ogre mage
 10672 | D:10     | Killed a wolf spider
 10818 | D:10     | Found a bloodstained altar of Trog.
 10914 | D:10     | Reached XP level 12. HP: 65/75 MP: 15/15
 10963 | D:10     | Found a hazy altar of Hepliaklqana.
 11007 | D:10     | Noticed a two-headed ogre
 11021 | D:10     | Killed a two-headed ogre
 11022 | D:10     | Reached skill level 5 in Invocations
 11373 | D:11     | Reached *** piety under the Shining One
 11529 | D:11     | Noticed a tengu warrior
 11537 | D:11     | Killed a tengu warrior
 11686 | Orc:1    | Entered Level 1 of the Orcish Mines
 11902 | Orc:1    | Noticed an ettin
 12018 | Lair:1   | Entered Level 1 of the Lair of Beasts
 12040 | Lair:1   | Found a gate leading to a gauntlet.
 12052 | Gauntlet | Entered a Gauntlet
 12052 | Gauntlet | Found a transporter.
 12052 | Gauntlet | Found a transporter.
 12057 | Gauntlet | Found a runed translucent gate.
 12058 | Gauntlet | Found a transporter.
 12058 | Gauntlet | Found a runed translucent gate.
 12061 | Gauntlet | Found a transporter.
 12061 | Gauntlet | Found a transporter.
 12063 | Gauntlet | Found a runed translucent gate.
 12064 | Gauntlet | Found a transporter.
 12103 | Gauntlet | Found a transporter.
 12106 | Gauntlet | Noticed a death yak
 12159 | Gauntlet | Noticed a death yak
 12159 | Gauntlet | Noticed a death yak
 12161 | Gauntlet | Identified the +4 morningstar of the Writhing Madman
                  | {venom, rPois MP+9}
 12161 | Gauntlet | Noticed a death yak
 12183 | Gauntlet | Found a transporter.
 12183 | Gauntlet | Found a transporter.
 12186 | Gauntlet | Noticed a balrug
 12186 | Gauntlet | Reached **** piety under the Shining One
 12190 | Gauntlet | Noticed a ghost crab
 12193 | Gauntlet | Found a transporter.
 12200 | Gauntlet | Killed a death yak
 12209 | Gauntlet | Noticed a ghost crab
 12224 | Gauntlet | Found a transporter.
 12315 | Gauntlet | Killed a ghost crab
 12316 | Gauntlet | Found a transporter.
 12320 | Gauntlet | Identified the -1 pair of boots of Inoamies {rF- Will+
                  | Str+6}
 12350 | Gauntlet | Found a transporter.
 12371 | Gauntlet | Found the +6 lightning scales {swift, rElec}
 12371 | Gauntlet | Noticed a minotaur
 12393 | Gauntlet | Killed a minotaur
 12740 | Lair:1   | Noticed Urug
 12777 | Lair:1   | Killed Urug
 12778 | Lair:1   | Noticed Harold
 12788 | Lair:1   | Killed Harold
 13054 | Lair:1   | Reached XP level 13. HP: 80/80 MP: 18/18
 13521 | Lair:2   | Noticed Amaemon
 13536 | Lair:2   | Killed Amaemon
 13543 | Lair:2   | Noticed Erica
 13617 | Lair:2   | Found a hole to the Spider Nest.
 13695 | Lair:2   | Noticed Maggie
 13716 | Lair:2   | Killed Maggie
 13925 | Lair:2   | Noticed Nergalle
 13966 | Lair:2   | Killed Nergalle
 13967 | Lair:2   | Reached skill level 10 in Fighting
 13967 | Lair:2   | Reached skill level 10 in Armour
 14048 | Lair:2   | Found a staircase to the Swamp.
 14154 | Lair:2   | Killed Erica
 14698 | Lair:3   | Reached ***** piety under the Shining One
 14898 | Lair:3   | Reached skill level 15 in Maces & Flails
 15228 | Lair:3   | Found a blossoming altar of Fedhas.
 16297 | Lair:4   | Found a viscous altar of Jiyva.
 16299 | Lair:4   | Found a staircase to the Slime Pits.
 16558 | Lair:4   | Reached skill level 10 in Invocations
 17009 | Lair:5   | Entered Level 5 of the Lair of Beasts
 17419 | Lair:5   | Gained mutation: Your large and strong wings let you fly.
                  | [Gargoyle growth]
 17419 | Lair:5   | Reached XP level 14. HP: 88/88 MP: 21/21
 17900 | D:10     | Bought the ring of Quashiemp {rF++ rN+ Will+ rCorr Dex-2}
                  | for 716 gold pieces
 18313 | Lair:5   | Identified the +6 chain mail "Halips" {Harm rC+}
 18882 | Lair:5   | Found a runed translucent door.
 21115 | D:12     | Found a frozen archway.
 21147 | IceCv    | Entered an ice cave
 21277 | IceCv    | Reached ****** piety under the Shining One
 21324 | IceCv    | Reached XP level 15. HP: 95/95 MP: 24/24
 22024 | D:12     | Identified a scroll of acquirement
 22025 | D:12     | Acquired the +2 pair of boots of the Other World {Will+
                  | Int+8}
 22622 | D:13     | Identified a +3 sacred scourge of holy wrath (a +1 demon
                  | whip of venom blessed by the Shining One)
 22622 | D:13     | Received a gift from the Shining One
 22832 | D:13     | Found a gate to the Vaults.
 23152 | D:13     | Identified the +0 dagger "Feireos" {vamp, rF+ Int+2}
 23540 | Spider:1 | Entered Level 1 of the Spider Nest
 23780 | Spider:1 | Noticed Agnes
 23800 | Spider:1 | Killed Agnes
 24186 | Spider:1 | Noticed an emperor scorpion
 24201 | Spider:1 | Killed an emperor scorpion
 25855 | Spider:2 | Reached XP level 16. HP: 103/103 MP: 26/26
 28732 | Spider:4 | Entered Level 4 of the Spider Nest
 28758 | Spider:3 | Reached skill level 15 in Invocations
 29396 | Spider:4 | Reached XP level 17. HP: 37/109 MP: 28/28
 29402 | Spider:4 | Gained mutation: You are vulnerable to cold. (rC-)
                  | [mutagenic glow]
 29428 | Spider:3 | Lost mutation: You are vulnerable to cold. (rC-) [potion of
                  | mutation]
 29428 | Spider:3 | Gained mutation: You are partially covered in iridescent
                  | scales. (AC +2) [potion of mutation]
 29428 | Spider:3 | Gained mutation: You are weak. (Str -2) [potion of
                  | mutation]
 29428 | Spider:3 | Gained mutation: You have supernaturally acute eyesight.
                  | (SInv) [potion of mutation]
 31138 | Spider:4 | Got a gossamer rune of Zot
 32240 | D:8      | Bought a +1 crystal plate armour for 1305 gold pieces
 32322 | Orc:2    | Entered Level 2 of the Orcish Mines
 33104 | Orc:2    | Found a staircase to the Elven Halls.
 33357 | Orc:2    | Found Irchuopp's General Store.
 33358 | Orc:2    | Found Zont's Magic Scroll Emporium.
 33720 | Orc:2    | Found Rumepty's Antique Armour Boutique.
 33720 | Orc:2    | Found a one-way gate leading to the halls of Pandemonium.
 33720 | Orc:2    | Found Sextor's Jewellery Shop.
 33759 | Orc:2    | Bought a scroll of teleportation for 39 gold pieces
 33759 | Orc:2    | Bought a scroll of teleportation for 39 gold pieces
 33965 | Orc:2    | Bought an amulet of regeneration for 420 gold pieces
 34590 | D:14     | Noticed Nessos
 34595 | D:14     | Found a runed translucent door.
 34595 | D:14     | Noticed Gabide's ghost (journeyman DgHu)
 34604 | D:14     | Killed Nessos
 35028 | D:14     | Killed Gabide's ghost
 35208 | D:15     | Entered Level 15 of the Dungeon
 35263 | D:15     | Found Unitos's Antique Weapon Boutique.
 35328 | D:15     | Found Waib's Book Shoppe.
 35466 | D:15     | Found Tenop's Weapon Emporium.
 35918 | D:15     | Reached XP level 18. HP: 115/116 MP: 30/30
 35975 | D:15     | Found Sankeebb's Magic Scroll Shop.
 35984 | D:15     | Bought a scroll of enchant armour for 90 gold pieces
 35984 | D:15     | Bought a scroll of teleportation for 36 gold pieces
 36184 | D:15     | Found Luomej's Antique Armour Emporium.
 36293 | D:15     | Found a staircase to the Depths.
 36651 | Swamp:1  | Entered Level 1 of the Swamp
 36831 | Swamp:1  | Reached skill level 15 in Armour
 37835 | Swamp:2  | Noticed a tentacled monstrosity
 37850 | Swamp:2  | Killed a tentacled monstrosity
 38708 | D:15     | Bought a shiny kite shield for 300 gold pieces
 39128 | Swamp:3  | Reached skill level 15 in Fighting
 39501 | Swamp:4  | Entered Level 4 of the Swamp
 40204 | Swamp:4  | Reached skill level 10 in Shields
 40483 | Swamp:4  | Noticed the 27-headed Lernaean hydra
 40562 | Swamp:4  | Killed the 27-headed Lernaean hydra
 40669 | Swamp:4  | Reached XP level 19. HP: 124/124 MP: 31/31
 40779 | Swamp:4  | Identified the +5 short sword "Moem" {protect, rC+ Str+9
                  | Dex-2 SInv}
 41012 | Swamp:4  | Got a decaying rune of Zot
 41370 | Depths:1 | Entered Level 1 of the Depths
 41684 | Depths:1 | Found a one-way gate to the infinite horrors of the Abyss.
 41903 | Depths:1 | Found an iron altar of Okawaru.
 42295 | Depths:1 | Found a gateway to Hell.
 42502 | Depths:1 | Found a one-way gateway to a ziggurat.
 43435 | Depths:2 | Noticed a golden dragon
 43839 | Depths:2 | Gained mutation: Your magical capacity is low. (-10% MP) [a
                  | shining eye]
 43904 | Depths:2 | Found a runed translucent door.
 43906 | Depths:2 | Noticed a golden dragon
 43907 | Depths:2 | Found a runed translucent door.
 44388 | Depths:2 | Found a shimmering altar of Xom.
 45079 | Vaults:1 | Entered Level 1 of the Vaults
 45385 | D:13     | Reached XP level 20. HP: 115/131 MP: 28/29
 45619 | Vaults:1 | Noticed Frederick
 45619 | Vaults:1 | Noticed Asterion
 45620 | Vaults:1 | Noticed Sojobo
 45649 | Vaults:1 | Killed Asterion
 45653 | Vaults:1 | Killed Frederick
 45659 | Vaults:1 | Killed Sojobo
 45853 | Vaults:1 | Identified the +1 pair of boots "Mapnir" {Harm +Blink rC+}
 46301 | Vaults:1 | Identified the staff of poison "Panuer" {rPois rF- rN++}
 47485 | Vaults:2 | Found Bimoedet's Antique Armour Shoppe.
 47500 | Vaults:2 | Bought a glowing helmet for 285 gold pieces
 47562 | Vaults:2 | Noticed Bai Suzhen
 47591 | Vaults:2 | Killed Bai Suzhen
 47971 | Vaults:2 | Identified the +4 short sword of the Dwarven Hall {flame,
                  | rElec Int-5 SInv}
 48946 | Vaults:2 | Found a staircase to the Crypt.
 49794 | Vaults:3 | Reached XP level 21. HP: 136/139 MP: 31/31
 49808 | Vaults:3 | Found the +7 great mace "Undeadhunter" {deathbane, rN+}
 51332 | Vaults:4 | Found Ocvem's Book Boutique.
 51781 | Vaults:4 | Noticed an ancient lich
 51809 | Vaults:4 | Killed an ancient lich
 51856 | Vaults:4 | Identified the +4 ring mail of Teptuput {rPois}
 52463 | Vaults:5 | Entered Level 5 of the Vaults
 52492 | Vaults:5 | Got a silver rune of Zot
 52507 | Vaults:5 | Identified the +5 quarterstaff "Gecyko" {distort, rN+
                  | Dex+3}
 52548 | Vaults:5 | Identified the +7 falchion "Goblinbane" {freeze, Stlth+}
 52822 | Vaults:5 | Noticed a golden dragon
 52836 | Vaults:5 | Killed a golden dragon
 52837 | Vaults:5 | Reached XP level 22. HP: 134/148 MP: 25/32
 52932 | Vaults:5 | Identified the +1 scale mail "Othrunuq" {rC+ Slay+2}
 53129 | Vaults:5 | Got the Collected Works on Nasty Destruction
 53132 | Vaults:5 | Got the Compendium of Adjuration and Arson
 53666 | Vaults:5 | Noticed an ancient lich
 53747 | Vaults:5 | Killed an ancient lich
 55149 | Slime:1  | Entered Level 1 of the Pits of Slime
 55273 | Slime:1  | Gained mutation: You occasionally lose the ability to drink
                  | potions when taking damage. [a shining eye]
 55276 | Lair:4   | Lost mutation: You are weak. (Str -2) [a shining eye]
 55631 | Slime:2  | Gained mutation: You sometimes lose the ability to drink
                  | potions when taking damage. [a shining eye]
 56194 | Slime:5  | Entered Level 5 of the Pits of Slime
 56279 | Slime:4  | Reached XP level 23. HP: 139/155 MP: 33/33
 56335 | Slime:5  | Noticed the Royal Jelly
 56356 | Slime:5  | Killed the Royal Jelly
 57290 | Slime:5  | Got a slimy rune of Zot
 57321 | Slime:5  | Identified the ring of Jetynkoeb {rN+ rCorr Str+4 Dex+3}
 57354 | Slime:5  | Identified the staff of fire "Letofesm" {rF+ rC++ Int-3
                  | Dex+3 Stlth+}
 57372 | Slime:5  | Identified the amulet of the Median {Spirit rF+++ rC++
                  | Dex-3 Stlth+}
 57414 | Slime:5  | Got the Disquisition on Position and Percussion
 57429 | Slime:5  | Identified the +1 trident of Okawaru, Conjuring {antimagic,
                  | *Noise rN+ Str+2}
 57436 | Slime:5  | Identified the +2 scimitar "Buanyck" {flame, rElec rF+
                  | Str+3 Int-2}
 57811 | Crypt:1  | Entered Level 1 of the Crypt
 58516 | Depths:2 | Killed a golden dragon
 58635 | Depths:2 | Killed a golden dragon
 58762 | Depths:3 | Found a magical portal.
 58816 | WizLab   | Entered Cigotuvi's Fleshworks
 58913 | WizLab   | Gained mutation: You are vulnerable to heat. (rF-)
                  | [mutagenic glow]
 58944 | WizLab   | Gained mutation: You are occasionally teleported next to
                  | monsters. [mutagenic glow]
 59106 | WizLab   | Paralysed by a floating eye for 3 turns
 59249 | WizLab   | Found the -2 hat of the Alchemist {rElec rPois rF+ rC+ rN+
                  | Will+ rMut rCorr}
 59373 | WizLab   | Lost mutation: Your magical capacity is low. (-10% MP)
                  | [potion of mutation]
 59373 | WizLab   | Lost mutation: You are vulnerable to heat. (rF-) [potion of
                  | mutation]
 59373 | WizLab   | Gained mutation: You are dopey. (Int -2) [potion of
                  | mutation]
 59373 | WizLab   | Gained mutation: You occasionally lose the ability to read
                  | scrolls when taking damage. [potion of mutation]
 59373 | WizLab   | Gained mutation: You are weak. (Str -2) [potion of
                  | mutation]
 59373 | WizLab   | Gained mutation: You are robust. (+10% HP) [potion of
                  | mutation]
 59374 | WizLab   | Lost mutation: You are weak. (Str -2) [potion of mutation]
 59374 | WizLab   | Lost mutation: You are robust. (+10% HP) [potion of
                  | mutation]
 59374 | WizLab   | Lost mutation: You occasionally lose the ability to read
                  | scrolls when taking damage. [potion of mutation]
 59374 | WizLab   | Gained mutation: Your muscles are strong. (Str +4, Int/Dex
                  | -1) [potion of mutation]
 59375 | WizLab   | Lost mutation: You are dopey. (Int -2) [potion of mutation]
 59375 | WizLab   | Lost mutation: You have supernaturally acute eyesight.
                  | (SInv) [potion of mutation]
 59375 | WizLab   | Gained mutation: Your flesh is heat resistant. (rF+)
                  | [potion of mutation]
 59375 | WizLab   | Gained mutation: Your spells are a little harder to cast,
                  | but a little more powerful. [potion of mutation]
 59376 | WizLab   | Lost mutation: Your flesh is heat resistant. (rF+) [potion
                  | of mutation]
 59376 | WizLab   | Lost mutation: You are partially covered in iridescent
                  | scales. (AC +2) [potion of mutation]
 59376 | WizLab   | Lost mutation: You sometimes lose the ability to drink
                  | potions when taking damage. [potion of mutation]
 59376 | WizLab   | Gained mutation: You have a somewhat thin skeletal
                  | structure. (Dex +2, Stealth+) [potion of mutation]
 59376 | WizLab   | Gained mutation: You have large cloven feet. [potion of
                  | mutation]
 59377 | WizLab   | Lost mutation: Your muscles are strong. (Str +4, Int/Dex
                  | -1) [potion of mutation]
 59377 | WizLab   | Lost mutation: Your spells are a little harder to cast, but
                  | a little more powerful. [potion of mutation]
 59377 | WizLab   | Lost mutation: You have large cloven feet. [potion of
                  | mutation]
 59377 | WizLab   | Gained mutation: Your mind is acute. (Int +4, Str/Dex -1)
                  | [potion of mutation]
 59766 | Depths:3 | Found a broken altar of Ashenzari.
 59791 | Depths:3 | Lost mutation: You are occasionally teleported next to
                  | monsters. [potion of mutation]
 59791 | Depths:3 | Lost mutation: You have a somewhat thin skeletal structure.
                  | (Dex +2, Stealth+) [potion of mutation]
 59791 | Depths:3 | Lost mutation: You occasionally lose the ability to drink
                  | potions when taking damage. [potion of mutation]
 59791 | Depths:3 | Gained mutation: You are frail. (-10% HP) [potion of
                  | mutation]
 59791 | Depths:3 | Gained mutation: You are partially covered in iridescent
                  | scales. (AC +2) [potion of mutation]
 59791 | Depths:3 | Gained mutation: You expend magic power (3 MP) to
                  | strengthen your wands. [potion of mutation]
 59792 | Depths:3 | Lost mutation: You are frail. (-10% HP) [potion of
                  | mutation]
 59792 | Depths:3 | Lost mutation: You expend magic power (3 MP) to strengthen
                  | your wands. [potion of mutation]
 59792 | Depths:3 | Gained mutation: Your spells are a little easier to cast,
                  | but a little less powerful. [potion of mutation]
 59792 | Depths:3 | Gained mutation: You passively dampen the noise of your
                  | surroundings. [potion of mutation]
 59792 | Depths:3 | Gained mutation: Your mind is very acute. (Int +8, Str/Dex
                  | -2) [potion of mutation]
 61070 | Depths:4 | Entered Level 4 of the Depths
 61120 | Depths:3 | Reached XP level 24. HP: 148/164 MP: 38/38
 61493 | Depths:4 | Noticed Parghit
 61542 | Depths:4 | Killed Parghit
 61871 | Depths:4 | Identified the ring "Kitahaq" {Ice Int+5 Dex-2}
 61871 | Depths:4 | Noticed Josephina
 61887 | Depths:4 | Killed Josephina
 61985 | Depths:4 | Found a gate to the Realm of Zot.
 62131 | Depths:4 | Found Jias's Demolitions Depot.
 62273 | Depths:4 | Identified the staff of earth "Siquax" {rPois Int+2 Stlth+}
 62360 | Depths:4 | Voluntarily entered the Abyss.
 62391 | Depths:4 | Escaped the Abyss
 62393 | Depths:4 | Voluntarily entered the Abyss.
 62595 | Abyss:2  | Found a corrupted altar of Lugonu.
 62622 | Abyss:2  | Noticed a dread lich
 62645 | Abyss:3  | Found a corrupted altar of Lugonu.
 62757 | Depths:4 | Escaped the Abyss
 62761 | Depths:4 | Voluntarily entered the Abyss.
 62761 | Abyss:3  | Found a transporter.
 62766 | Abyss:3  | Killed a dread lich
 62832 | Abyss:3  | Reached skill level 15 in Shields
 62847 | Abyss:3  | Got an abyssal rune of Zot
 62884 | Depths:4 | Escaped the Abyss
 62987 | Zot:1    | Entered Level 1 of the Realm of Zot
 63039 | Zot:1    | Found a transporter.
 63041 | Zot:1    | Found a transporter.
 64146 | Zot:1    | Found a transporter.
 64150 | Zot:1    | Found a transporter.
 64389 | Zot:1    | Found a transporter.
 64391 | Zot:1    | Found a transporter.
 64416 | Zot:1    | Identified the +8 quick blade of the Genius {heavy, +Blink
                  | rPois Dex-3}
 65077 | Zot:2    | Found the +0 pair of fencer's gloves {Riposte Dex+3}
 65869 | Zot:2    | Reached XP level 25. HP: 156/171 MP: 38/38
 66604 | Zot:3    | Identified the +5 flail of Subjectivity {flame, rN++}
 66689 | Zot:3    | Noticed an orb of fire
 66719 | Zot:3    | Killed an orb of fire
 68049 | Zot:4    | Noticed a juggernaut
 68071 | Zot:3    | Killed a juggernaut
 68232 | Zot:4    | Noticed an orb of fire
 68232 | Zot:4    | Noticed an orb of fire
 68237 | Zot:4    | Noticed an ancient lich
 68256 | Zot:3    | Killed an orb of fire
 68392 | Zot:3    | Killed an orb of fire
 68460 | Zot:3    | Killed an ancient lich
 69102 | Zot:4    | Found the +4 dragonskin cloak
 69102 | Zot:4    | Noticed Tiamat
 69250 | Zot:4    | Identified the +0 cloak "Ledgh" {rC+ Dex+2}
 69471 | Zot:4    | Reached skill level 1 in Dodging
 69718 | Zot:3    | Killed Tiamat
 70001 | Zot:4    | Reached XP level 26. HP: 123/179 MP: 33/38
 70092 | Zot:4    | Reached skill level 5 in Dodging
 70516 | Zot:4    | Identified the +0 scale mail "Wafus" {rN+ Will- Dex+3}
 70872 | Pan      | Entered Pandemonium
 71245 | Pan      | Noticed Juoloat the pandemonium lord
 71259 | Pan      | Killed Juoloat the pandemonium lord
 72398 | Pan      | Noticed Omaronk the pandemonium lord
 72423 | Pan      | Killed Omaronk the pandemonium lord
 72515 | Pan      | Reached skill level 10 in Dodging
 72666 | Pan      | Noticed Liucu the pandemonium lord
 72666 | Pan      | Found Liucu's Demonic Rune Market.
 72671 | Pan      | Killed Liucu the pandemonium lord
 72842 | Pan      | Identified the +0 tower shield "Bout" {rElec}
 73440 | Pan      | Noticed Wafuhummo the pandemonium lord
 73474 | Pan      | Killed Wafuhummo the pandemonium lord
 73542 | Pan      | Got a demonic rune of Zot
 73804 | Depths:3 | Escaped Pandemonium
 73806 | Pan      | Entered the realm of Lom Lobon.
 73806 | Pan      | Entered Pandemonium
 73873 | Pan      | Noticed Lom Lobon
 73893 | Pan      | Killed Lom Lobon
 73894 | Pan      | Reached XP level 27. HP: 145/184 MP: 4/38
 73897 | Pan      | Got a magical rune of Zot
 74118 | Depths:3 | Escaped Pandemonium
 74124 | Pan      | Entered Pandemonium
 74124 | Pan      | Found a runed translucent door.
 74124 | Pan      | Found a runed translucent door.
 74128 | Pan      | Found a runed translucent door.
 74143 | Pan      | Found a runed translucent door.
 74206 | Depths:3 | Escaped Pandemonium
 74208 | Pan      | Entered Pandemonium
 74214 | Pan      | Noticed Jetal the pandemonium lord
 74234 | Pan      | Killed Jetal the pandemonium lord
 74645 | Pan      | Gained mutation: You occasionally shout uncontrollably at
                  | your foes. [a cacodemon]
 74648 | Pan      | Reached skill level 10 in Evocations
 74794 | Pan      | Lost mutation: Your mind is very acute. (Int +8, Str/Dex
                  | -2) [potion of mutation]
 74794 | Pan      | Lost mutation: Your spells are a little easier to cast, but
                  | a little less powerful. [potion of mutation]
 74794 | Pan      | Gained mutation: You sometimes lose your temper in combat.
                  | [potion of mutation]
 74794 | Pan      | Gained mutation: Your movements are slightly less
                  | encumbered by armour. (ER -2) [potion of mutation]
 74794 | Pan      | Gained mutation: You have a somewhat thin skeletal
                  | structure. (Dex +2, Stealth+) [potion of mutation]
 74795 | Pan      | Lost mutation: You passively dampen the noise of your
                  | surroundings. [potion of mutation]
 74795 | Pan      | Lost mutation: You have a somewhat thin skeletal structure.
                  | (Dex +2, Stealth+) [potion of mutation]
 74795 | Pan      | Gained mutation: You are mostly covered in iridescent
                  | scales. (AC +4) [potion of mutation]
 74795 | Pan      | Lost mutation: Your mind is acute. (Int +4, Str/Dex -1)
                  | [potion of mutation]
 74795 | Pan      | Lost mutation: You sometimes lose your temper in combat.
                  | [potion of mutation]
 74833 | Pan      | Noticed Mask the pandemonium lord
 74869 | Pan      | Killed Mask the pandemonium lord
 74955 | Pan      | Found an exit through the horrors of the Abyss.
 74963 | Pan      | Found a transporter.
 75068 | Pan      | Found a transporter.
 75109 | Pan      | Gained mutation: You are dopey. (Int -2) [mutagenic glow]
 75257 | Pan      | Identified the ring "Jykup" {Fire *Slow rElec Dex+8 Slay+3}
 75269 | Pan      | Identified the amulet "Wixoyrr" {Acrobat rCorr Dex-2
                  | Stlth+}
 75271 | Pan      | Identified the ring "Uhosch" {+Blink rPois MP-9 Dex+5}
 75273 | Pan      | Identified the +0 shortbow of Defence {freeze, *Corrode
                  | Int+4}
 75283 | Pan      | Entered the realm of Mnoleg.
 75293 | Pan      | Paralysed by a floating eye for 4 turns
 75370 | Pan      | Gained mutation: You sometimes lose your temper in combat.
                  | [a neqoxec]
 75404 | Pan      | Lost mutation: You are mostly covered in iridescent scales.
                  | (AC +4) [potion of mutation]
 75404 | Pan      | Lost mutation: You occasionally shout uncontrollably at
                  | your foes. [potion of mutation]
 75404 | Pan      | Lost mutation: You are partially covered in iridescent
                  | scales. (AC +2) [potion of mutation]
 75404 | Pan      | Gained mutation: Your body sometimes deteriorates upon
                  | taking damage. [potion of mutation]
 75404 | Pan      | Gained mutation: Your spells are a little harder to cast,
                  | but a little more powerful. [potion of mutation]
 75404 | Pan      | Gained mutation: You are agile. (Dex +4, Str/Int -1)
                  | [potion of mutation]
 75405 | Pan      | Lost mutation: You are agile. (Dex +4, Str/Int -1) [potion
                  | of mutation]
 75405 | Pan      | Lost mutation: Your spells are a little harder to cast, but
                  | a little more powerful. [potion of mutation]
 75405 | Pan      | Lost mutation: Your movements are slightly less encumbered
                  | by armour. (ER -2) [potion of mutation]
 75405 | Pan      | Gained mutation: Your flesh is cold resistant. (rC+)
                  | [potion of mutation]
 75406 | Pan      | Lost mutation: You are dopey. (Int -2) [potion of mutation]
 75406 | Pan      | Lost mutation: You sometimes lose your temper in combat.
                  | [potion of mutation]
 75406 | Pan      | Lost mutation: Your body sometimes deteriorates upon taking
                  | damage. [potion of mutation]
 75406 | Pan      | Gained mutation: You have hidden genetic potential. [potion
                  | of mutation]
 75406 | Pan      | Gained mutation: Your magical capacity is low. (-10% MP)
                  | [potion of mutation]
 75406 | Pan      | Gained mutation: You have a pair of small horns on your
                  | head. [potion of mutation]
 75406 | Pan      | Gained mutation: You are agile. (Dex +4, Str/Int -1)
                  | [potion of mutation]
 75484 | Pan      | Gained mutation: Your body sometimes deteriorates upon
                  | taking damage. [a cacodemon]
 75523 | Pan      | Gained mutation: Armour fits poorly on your strangely
                  | shaped body. [a cacodemon]
 75596 | Pan      | Noticed Mennas
 75625 | Pan      | Killed Mennas
 75676 | Pan      | Gained mutation: You are weak. (Str -2) [a neqoxec]
 75786 | Pan      | Noticed Mnoleg
 75801 | Pan      | Killed Mnoleg
 75821 | Pan      | Got a glowing rune of Zot
 75891 | Pan      | Entered the realm of Gloorx Vloq.
 75923 | Pan      | Found an exit through the horrors of the Abyss.
 76741 | Pan      | Noticed Gloorx Vloq
 76750 | Pan      | Identified the +1 tower shield of Xizxaos {Dex+4}
 76765 | Pan      | Killed Gloorx Vloq
 76801 | Pan      | Got a dark rune of Zot
 77005 | Pan      | Entered the realm of Cerebov.
 77145 | Pan      | Identified the +10 short sword of Ashenzari's Hope
                  | {protect, Will+ rCorr Int-4}
 77186 | Pan      | Found the +6 sword of Cerebov {flame}
 77186 | Pan      | Noticed Cerebov
 77186 | Pan      | Identified the +6 rapier of Patience {freeze, rF+ rN+}
 77214 | Pan      | Killed Cerebov
 77382 | Pan      | Got a fiery rune of Zot
 77809 | Pan      | Found an exit through the horrors of the Abyss.
 77818 | Pan      | Took an exit into the Abyss.
 77818 | Abyss:3  | Escaped into the Abyss
 77828 | Abyss:3  | Found a corrupted altar of Lugonu.
 77833 | Depths:3 | Escaped the Abyss
 77883 | Hell     | Entered the Vestibule of Hell
 77883 | Hell     | Noticed Geryon
 77894 | Hell     | Killed Geryon
 77937 | Hell     | Found a gateway to the decaying netherworld of Tartarus.
 77989 | Hell     | Noticed Murray
 77999 | Hell     | Killed Murray
 78021 | Hell     | Gained mutation: You are partially covered in large bone
                  | plates. (SH +4) [hidden potential]
 78030 | Hell     | Found a gateway to the freezing wastes of Cocytus.
 78169 | Hell     | Found a gateway to the Iron City of Dis.
 78307 | Hell     | Found a gateway to the ashen valley of Gehenna.
 78514 | Geh:1    | Entered Level 1 of Gehenna
 79721 | Geh:5    | Found a runed translucent gate.
 79849 | Geh:5    | Found a runed translucent gate.
 79849 | Geh:5    | Found a runed translucent gate.
 79850 | Geh:5    | Found a runed translucent gate.
 79850 | Geh:5    | Found a runed translucent gate.
 79851 | Geh:5    | Found a runed translucent gate.
 79851 | Geh:5    | Found a runed translucent gate.
 79852 | Geh:5    | Found a runed translucent gate.
 79852 | Geh:5    | Found a runed translucent gate.
 79853 | Geh:5    | Found a runed translucent gate.
 79853 | Geh:5    | Found a runed translucent gate.
 79853 | Geh:5    | Found a runed translucent gate.
 79880 | Geh:6    | Reached skill level 15 in Dodging
 80168 | Geh:7    | Entered Level 7 of Gehenna
 80812 | Geh:7    | Found the +8 Wrath of Trog {antimagic, *Rage Rampage}
 80971 | Geh:7    | Identified the amulet of Loujaobb {Acrobat rF++ rC+ SInv}
 81152 | Geh:7    | Gained mutation: You have large cloven feet. [hidden
                  | potential]
 81152 | Geh:7    | Lost mutation: You have hidden genetic potential. [hidden
                  | potential expressed]
 81170 | Geh:7    | Got the Atlas of Twisted Voltage
 81186 | Geh:7    | Identified the ring of Pisaeczuc {rF+ rC- Will+ Int+4
                  | Dex+6}
 81692 | Geh:7    | Found the +13 sceptre of Asmodeus
 81692 | Geh:7    | Noticed Asmodeus
 81712 | Geh:7    | Killed Asmodeus
 81742 | Geh:7    | Got an obsidian rune of Zot
 81764 | Geh:7    | Identified the +0 chain mail "Cutoj" {rC+ Slay+5}
 81939 | Tar:1    | Entered Level 1 of Tartarus
 83172 | Tar:4    | Noticed a dread lich
 83179 | Tar:4    | Killed a dread lich
 83426 | Tar:5    | Noticed a dread lich
 83435 | Tar:5    | Killed a dread lich
 83970 | Tar:7    | Entered Level 7 of Tartarus
 84399 | Tar:7    | Noticed a dread lich
 84410 | Tar:7    | Killed a dread lich
 84538 | Tar:7    | Noticed Ereshkigal
 84559 | Tar:7    | Killed Ereshkigal
 84657 | Tar:7    | Got a bone rune of Zot
 84664 | Tar:7    | Noticed a dread lich
 84670 | Tar:7    | Killed a dread lich
 84786 | Coc:1    | Entered Level 1 of Cocytus
 85168 | Coc:2    | Reached skill level 27 in Armour
 85661 | Coc:4    | Noticed a dread lich
 85682 | Coc:4    | Killed a dread lich
 86223 | Coc:7    | Entered Level 7 of Cocytus
 86418 | Coc:7    | Paralysed by a wendigo for 1 turns
 86475 | Coc:7    | Paralysed by a wendigo for 1 turns
 86700 | Coc:7    | Paralysed by a wendigo for 1 turns
 87816 | Coc:7    | Identified the +12 mace of Pumasis {spect, Stlth+}
 87816 | Coc:7    | Identified the amulet "Laanopse" {Acrobat Will+ Str+6}
 87816 | Coc:7    | Noticed Antaeus
 87842 | Coc:7    | Killed Antaeus
 88199 | Coc:7    | Found the +3 Mad Mage's Maulers {Infuse+∞ VampMP -Cast}
 88200 | Coc:7    | Got an icy rune of Zot
 88207 | Coc:7    | Identified the amulet "Fupsub" {Faith rN+ Int+5}
 88444 | Dis:1    | Entered Level 1 of the Iron City of Dis
 88454 | Dis:1    | Reached skill level 27 in Fighting
 88818 | Dis:2    | Noticed a dread lich
 88821 | Dis:2    | Killed a dread lich
 89654 | Dis:4    | Identified the +7 tower shield of Quxomo {Will+ Dex+2
                  | Stlth+}
 89741 | Dis:4    | HP: 8/197 [caustic shrike (4)]
 90442 | Crypt:1  | Reached skill level 15 in Evocations
 92588 | Dis:6    | Reached skill level 27 in Invocations
 92748 | Dis:7    | Entered Level 7 of the Iron City of Dis
 94878 | Dis:7    | Noticed the Serpent of Hell
 94896 | Dis:7    | Killed the Serpent of Hell
 95528 | Dis:7    | Noticed a juggernaut
 95553 | Dis:7    | Killed a juggernaut
 95566 | Dis:7    | Identified the +6 spear "Uvvowaz" {spect, rPois Will+}
 95566 | Dis:7    | Noticed Dispater
 95579 | Dis:7    | Killed Dispater
 95623 | Dis:7    | Got an iron rune of Zot
 95625 | Dis:7    | Identified the staff of air "Luad" {*Slow rElec rC+ rN++
                  | rCorr}
 95627 | Dis:7    | Got the Parchment of Good Intentions
 96493 | Crypt:3  | Entered Level 3 of the Crypt
 97369 | Crypt:3  | Noticed Boris
 97379 | Crypt:3  | Killed Boris
 97445 | Crypt:3  | Identified the +0 leather armour of the Hart {rF+ MP+9
                  | Slay+3 Stlth+}
 97690 | Crypt:3  | Found a basalt altar of Yredelemnul.
 97692 | Crypt:3  | Found an ancient bone altar of Kikubaaqudgha.
 97741 | Crypt:3  | Identified the +7 halberd of the Tundras {speed, rElec rN+
                  | Int+3}
 97779 | Crypt:3  | Identified the +7 spear of Wu Jian's Grace {holy, *Slow
                  | rElec Will+}
 97783 | Crypt:3  | Got the Discourse on the Autopsy
 97787 | Crypt:3  | Identified the staff of air "Udghe" {rElec rCorr}
 97859 | Crypt:3  | Found a staircase to the Tomb.
 97867 | Tomb:1   | Entered Level 1 of the Tomb of the Ancients
 98463 | Tomb:1   | Identified the +1 cloak of Qouth {rPois rF+}
 98520 | Tomb:1   | Noticed Boris
 98554 | Tomb:1   | Killed Boris
 98748 | Tomb:1   | Identified the +8 long sword of Ashenzari, Dripping {drain,
                  | *Corrode rC+ Dex+4}
 98948 | Tomb:1   | Noticed a royal mummy
 98948 | Tomb:1   | Noticed a royal mummy
 98956 | Tomb:1   | Killed a royal mummy
 98976 | Tomb:1   | Killed a royal mummy
 99434 | Tomb:2   | Noticed a royal mummy
 99434 | Tomb:2   | Noticed a royal mummy
 99436 | Tomb:2   | Noticed a royal mummy
 99440 | Tomb:2   | Noticed a royal mummy
 99451 | Tomb:2   | Killed a royal mummy
 99451 | Tomb:2   | Killed a royal mummy
 99493 | Tomb:2   | Killed a royal mummy
 99509 | Tomb:2   | Killed a royal mummy
 99784 | Tomb:1   | Noticed a royal mummy
 99784 | Tomb:1   | Noticed a royal mummy
 99785 | Tomb:1   | Noticed a royal mummy
 99794 | Tomb:1   | Killed a royal mummy
 99795 | Tomb:1   | Killed a royal mummy
 99795 | Tomb:1   | Noticed a royal mummy
 99804 | Tomb:1   | Killed a royal mummy
 99807 | Tomb:1   | Noticed a royal mummy
 99811 | Tomb:1   | Killed a royal mummy
 99813 | Tomb:1   | Killed a royal mummy
 99817 | Tomb:1   | Noticed a royal mummy
 99820 | Tomb:1   | Noticed a royal mummy
 99822 | Tomb:1   | Killed a royal mummy
 99828 | Tomb:1   | Killed a royal mummy
 99836 | Tomb:1   | Noticed a royal mummy
 99845 | Tomb:1   | Killed a royal mummy
 99887 | Tomb:1   | Noticed a royal mummy
 99891 | Tomb:1   | Noticed a royal mummy
 99893 | Tomb:1   | Killed a royal mummy
 99894 | Tomb:1   | Noticed a royal mummy
 99901 | Tomb:1   | Noticed a royal mummy
 99904 | Tomb:1   | Killed a royal mummy
 99905 | Tomb:1   | Noticed a royal mummy
 99911 | Tomb:1   | Killed a royal mummy
 99912 | Tomb:1   | Killed a royal mummy
 99915 | Tomb:1   | Killed a royal mummy
 99920 | Tomb:1   | Noticed a royal mummy
 99920 | Tomb:1   | Noticed a royal mummy
 99961 | Tomb:1   | Killed a royal mummy
 99963 | Tomb:1   | Noticed a royal mummy
 99963 | Tomb:1   | Noticed a royal mummy
 99963 | Tomb:1   | Noticed a royal mummy
 99963 | Tomb:1   | Noticed a royal mummy
 99967 | Tomb:1   | Killed a royal mummy
 99973 | Tomb:1   | Killed a royal mummy
 99976 | Tomb:1   | Killed a royal mummy
100004 | Tomb:1   | Killed a royal mummy
100004 | Tomb:1   | Noticed a royal mummy
100008 | Tomb:1   | Killed a royal mummy
100015 | Tomb:1   | Killed a royal mummy
100116 | Tomb:1   | Noticed a royal mummy
100122 | Tomb:1   | Killed a royal mummy
100138 | Tomb:1   | Noticed a royal mummy
100146 | Tomb:1   | Killed a royal mummy
100155 | Tomb:1   | Noticed a royal mummy
100247 | Tomb:1   | Killed a royal mummy
100382 | Tomb:1   | Noticed a royal mummy
100395 | Tomb:1   | Killed a royal mummy
100473 | Tomb:1   | Noticed a royal mummy
100484 | Tomb:1   | Killed a royal mummy
100557 | Tomb:1   | Noticed a royal mummy
100568 | Tomb:1   | Killed a royal mummy
100598 | Tomb:1   | Noticed a royal mummy
100607 | Tomb:1   | Killed a royal mummy
100610 | Tomb:1   | Noticed a royal mummy
100621 | Tomb:1   | Killed a royal mummy
100748 | Tomb:3   | Entered Level 3 of the Tomb of the Ancients
100773 | Tomb:3   | Noticed a royal mummy
100781 | Tomb:3   | Noticed a royal mummy
100784 | Tomb:3   | Killed a royal mummy
100791 | Tomb:3   | Reached skill level 27 in Maces & Flails
100791 | Tomb:3   | Identified the +1 tower shield of the Gravedigger {Contam
                  | rC+++ rN+++ Str-3}
100797 | Tomb:3   | Killed a royal mummy
100800 | Tomb:3   | Noticed a royal mummy
100801 | Tomb:3   | Noticed a royal mummy
100813 | Tomb:3   | Noticed a royal mummy
100815 | Tomb:3   | Noticed a royal mummy
100817 | Tomb:3   | Noticed a royal mummy
100885 | Tomb:3   | Killed a royal mummy
100976 | Tomb:3   | Killed a royal mummy
100995 | Tomb:3   | Killed a royal mummy
101121 | Tomb:3   | Noticed a royal mummy
101129 | Tomb:3   | Killed a royal mummy
101146 | Tomb:3   | Killed a royal mummy
101159 | Tomb:3   | Killed a royal mummy
101327 | Tomb:3   | Identified the +5 scale mail of Jeefoaca {Harm rN+ Slay+5}
101383 | Tomb:3   | Found the +9 scales of the Dragon King {rPois rF+ rC+
                  | Will+}
101398 | Tomb:3   | Got the Verses on the Flashy Wayfarer
101433 | Tomb:3   | Identified the +14 crystal plate armour of Fun {-Cast Will+
                  | Regen+ Str+6}
101461 | Tomb:3   | Got the Folio of Vexing Rime
101496 | Tomb:3   | Identified the staff of fire "Guaj" {rElec rF+}
101499 | Tomb:3   | Identified the ring "Hism" {Dex+6 Slay+2}
101500 | Tomb:3   | Identified the ring "Ythetuopt" {+Blink rCorr Int+2}
101501 | Tomb:3   | Identified the staff of earth "Guxzoan" {Dex+2}
101683 | Tomb:3   | Got a golden rune of Zot
102284 | Zot:5    | Entered Level 5 of the Realm of Zot
103366 | Zot:5    | Noticed a dread lich
103378 | Zot:5    | Killed a dread lich
103379 | Zot:5    | Noticed an orb of fire
103399 | Zot:5    | Killed an orb of fire
103856 | Zot:5    | Got the Orb of Zot
103891 | Zot:5    | Noticed an ancient lich
103918 | Zot:4    | Killed an ancient lich
104668 | D:$      | Escaped with the Orb!

Illustrated notes

Levels and vault maps discovered:
D:1:      erik_arrival_orb_chamber, layout_basic, bh_walls_and_bars
D:2:      layout_basic
D:3:      layout_loops_corners, hellmonk_no_cap
D:4:      layout_cave_pools, uniq_grinder
D:5:      layout_loops_ring, kennysheep_mini, mainiacjoe_overflow_big_doors
D:6:      layout_loops_corners, grunt_dithmenos_smoke_and_mirrors,
          lemuel_doored_altar, chequers_temple_overflow_minitemple,
          minmay_temple_entry_offerings, uniq_prince_ribbit1
D:7:      layout_loops_corners
D:8:      layout_rooms, lemuel_crystal_altar, nicolae_wooded_promenade,
          uniq_grum, uniq_psyche, uniq_maurice
D:9:      layout_basic, old_standard_altar, cheibriados_altar_2,
          mainiacjoe_overflow_24_doors, minmay_lair_entry_grove, david_orc_2,
          abandoned_shop
D:10:     kennysheep_windowed_halls, layout_stronghold, lemuel_crystal_altar,
          kennysheep_little_box, serial_shops, shop
D:11:     hangedman_what_comes_after_a, layout_cave_pods
D:12:     layout_loops_cross, portal_ice_cave_demonic_guard
D:13:     layout_roguey, erik_vaults_2
D:14:     layout_irregular_city, ebering_ghost_inner_flame, uniq_nessos
D:15:     gammafunk_enter_depths_forms, layout_irregular_city, serial_shops,
          shop, nicolae_shop_just_a_little_nook, shop, shop,
          nicolae_lakefront_shop, hangedman_decor_peaks_small
Temple:   nicolae_temple_colour_theory
Lair:1:   layout_cave_shapes, gauntlet_entry_generic, infiniplex_staircase_pool,
          uniq_urug, uniq_harold
Lair:2:   layout_concentric_octagons, minmay_swamp_entry_worms,
          spider_nest_entry_a, uniq_amaemon, uniq_maggie, uniq_nergalle,
          uniq_erica
Lair:3:   layout_regular_city, tgw_fedhas, grunt_megastairs_5
Lair:4:   hellmonk_ruined_rings, layout_hall_layers, minmay_slime_entry_pillars
Lair:5:   wormcave, layout_layer_cave, hangedman_lair_tendril_chambers,
          chequers_serial_rivers_room_b
Swamp:1:  layout_basic_swamp, serial_swamp_ruin, evilmike_swamp_ruin_rubble_1,
          evilmike_swamp_ruin_house_5, hangedman_swamp_ruin_wall,
          infiniplex_staircase_pool_2
Swamp:2:  layout_falls_marsh, evilmike_swamp_ruin_house_4
Swamp:3:  layout_basic_swamp, nicolae_swamp_decorative_isthmus
Swamp:4:  swamp, layout_basic_swamp
Spider:1: layout_chambers, hellmonk_watch_for_rolling_rocks, uniq_agnes
Spider:2: layout_spider_delve
Spider:3: layout_spider_delve, nicolae_spider_some_kinda_spiderbox,
          hangedman_spider_tarantella_strand
Spider:4: grunt_spider_rune_parallel, nicolae_spider_stair_cavern
Slime:1:  layout_caves
Slime:2:  layout_caves, uniq_dissolution
Slime:3:  layout_caves, nicolae_slime_rock_hall_of_fame
Slime:4:  layout_caves, cheibrodos_slime_lost_civilization_6
Slime:5
Orc:1:    nicolae_orc_accident_1, layout_diamond_mine
Orc:2:    pf_orc_diabolical, layout_caves, bh_open_orc_temple
Vaults:1: nicolae_vaults_inception_statues, nicolae_vaults_theta,
          nicolae_vaults_apartment_2, sword_in_stone, v_pattern_3,
          vaults_room_stairs_pillars, hangedman_vaults_slither,
          nicolae_vaults_diamond_1, ontoclasm_vaults_ligature,
          nicolae_vaults_cochlea, vaults_room_pool, layout_vaults_maze_snakey
Vaults:2: vaults_mumra_hexcomb, nicolae_vaults_house_1, blue_anna_dwarven_crypt,
          nicolae_vaults_quadrants, nicolae_vaults_closet_pinwheel_1,
          nicolae_vaults_alarming, hangedman_vaults_stagger, vaults_dpeg_spiral,
          ontoclasm_vaults_eye, vaults_standard_mumra_lines,
          layout_vaults_omnibox, serial_shops, nicolae_shop_window_shopping,
          uniq_bai_suzhen
Vaults:3: ontoclasm_vaults_idyll, vaults_room_pools,
          nicolae_vaults_closet_pinwheel_2, st_hourglassy,
          nicolae_vaults_diagonal_hallway_7, nicolae_vaults_yaktaur_gun_rack,
          v_misc_26, vaults_room_door_hall, nicolae_vaults_six-pack,
          nicolae_vaults_windows_and_doors_thing, layout_vaults_big_room,
          uniq_frederick
Vaults:4: v_misc_2, nicolae_vaults_you_can_take_it_with_you, vaults_mumra_hex,
          nicolae_vaults_prndl, v_misc_15, vaults_mumra_minichess,
          nicolae_vaults_little_squares_2, v_rooms_1,
          nicolae_vaults_sightless_eye, vaults_mumra_chevron,
          nicolae_vaults_layer_cake_slice, nicolae_vaults_tetromino_T_1,
          layout_vaults_ring, serial_shops, nicolae_book_shop_shelving,
          uniq_sojobo
Vaults:5
Crypt:1:  layout_gridlike
Crypt:2:  layout_basic
Crypt:3:  lightli_unholy_cathedral, layout_chaotic_city,
          nicolae_tomb_entry_unfolded_pyramid_orthogonal, minivault_26,
          minmay_misc_feat_hallway, st_stairs_4, uniq_boris
Tomb:1
Tomb:2
Tomb:3
Depths:1: layout_basic, enter_ziggurat_e, abyss_entry_crystal,
          pf_hell_entry_tar_spiral, nicolae_eternal_life,
          okawaru_altar_gauntlet_db, serial_bayou_shore_a, firewood_loft
Depths:2: minmay_the_grid_four_pointed_star_mashed
          [minmay_the_grid_triangle_9x9_windchime,
          minmay_the_grid_triangle_9x9_tough_junction,
          minmay_the_grid_triangle_9x9_semitri,
          minmay_the_grid_triangle_9x9_sprig,
          minmay_the_grid_prize_four_corners], layout_gridlike,
          lemuel_crystal_altar, hell_entry, rand_demon_pan_entry_9,
          infiniplex_staircase_star
Depths:3: minmay_octagon_keep, layout_small_grid, abyss_entry,
          ashenzari_altar_1, hell_entry, grunt_pan_entry_sceptre,
          mu_enter_wizlab_6, minmay_serpent_palace, minmay_staircase_bubble,
          uniq_margery
Depths:4: grunt_twist_and_shout, layout_gridville, hell_entry, abyss_entry,
          nrook_campfire, minmay_strange_pillars, minivault_1,
          nicolae_blasting_shop, minivault_15, eino_tiny_chamber,
          uniq_josephina, uniq_parghit
Hell
Dis:1:    layout_regular_city
Dis:2:    layout_subdivisions
Dis:3:    layout_subdivisions
Dis:4:    nicolae_dis_pentagon_1, layout_gridville, nicolae_dis_fourth_circle
Dis:5:    layout_subdivisions
Dis:6:    layout_regular_city
Dis:7:    dis_st
Geh:1:    nicolae_geh_split_lavaduct, layout_gehenna_pools_box
Geh:2:    layout_gehenna_pools_triple
Geh:3:    layout_gehenna_pools_basic
Geh:4:    layout_gehenna_pools_triple
Geh:5:    layout_gehenna_pools_triple, nicolae_geh_backdraft
Geh:6:    nicolae_geh_erupted_tower, layout_gehenna_pools_triple
Geh:7:    geh_grunt
Coc:1:    layout_cocytus_water_paths
Coc:2:    layout_ice_bergs
Coc:3:    nicolae_hells_demon_pit, layout_cocytus_water_paths
Coc:4:    layout_cocytus_delve
Coc:5:    layout_cocytus_water_paths
Coc:6:    layout_cocytus_water_paths
Coc:7:    coc_old
Tar:1:    layout_catacombs
Tar:2:    layout_grid_maze
Tar:3:    layout_honeycomb
Tar:4:    layout_grid_maze
Tar:5:    layout_cathedral_of_symmetry
Tar:6:    layout_honeycomb, lemuel_nasty_pond
Tar:7:    tar_grunt_cathedral
Zot:1:    layout_cathedral_of_symmetry, grunt_ministairs_1,
          serial_nicolae_subway, nicolae_sub_station_metal,
          nicolae_sub_station_stone, nicolae_sub_station_crystal
Zot:2:    layout_concentric_octagons
Zot:3:    nicolae_zot_stationary_front, layout_gridlike
Zot:4:    ebering_greatest_show_in_zot, layout_misc_corridors, uniq_tiamat
Zot:5:    layout_cellular_growth

Skill      XL: |  1  2  3  4  5  6  7  8  9 10 11 12 13 14 15 16 17 18 19 20 21 22 23 24 25 26 27 |
---------------+----------------------------------------------------------------------------------+-----
Maces & Flails | 3 4 5 7 9 11 12 13 14 15 16 17 18 19 20 21 27 | 27.0
Evocations     | 2 3 5 6 7 8 9 19 | 19.9
Fighting       | 4 5 7 8 9 10 11 12 13 14 15 16 17 18 19 20 21 22 27 | 27.0
Armour         | 4 5 7 8 9 10 11 12 13 14 16 18 19 20 21 22 23 27 | 27.0
Shields        | 4 5 6 7 9 10 11 12 13 14 15 25 | 25.2
Invocations    | 4 7 10 12 13 15 16 17 18 19 20 21 22 23 27 | 27.0
Dodging        | 4 12 20 | 20.8

Action                     |  1- 3 |  4- 6 |  7- 9 | 10-12 | 13-15 | 16-18 | 19-21 | 22-24 | 25-27 || total
---------------------------+-------+-------+-------+-------+-------+-------+-------+-------+-------++-------
  Melee: Flail             |    98 |   142 |   411 |   716 |       |       |       |       |       ||  1367
         Morningstar       |       |       |       |    92 |  1153 |  1679 |   199 |       |       ||  3123
         War axe           |       |       |       |       |     8 |    12 |       |       |       ||    20
         Sacred scourge    |       |       |       |       |   281 |    95 |  1826 |  2297 |  5524 || 10023
         Headbutt          |       |       |       |       |       |       |       |       |  2311 ||  2311
 Invoke: Divine Shield     |       |       |       |     2 |       |       |       |       |     1 ||     3
         Cleansing Flame   |       |       |       |       |     2 |    19 |    20 |    26 |   123 ||   190
         Brand Weapon With |       |       |       |       |     1 |       |       |       |       ||     1
         Summon Divine War |       |       |       |       |       |       |     2 |    10 |    74 ||    86
  Evoke: Wand              |       |       |     2 |    10 |       |     5 |     1 |     4 |     6 ||    28
         Phantom mirror    |       |       |       |       |       |     1 |       |       |       ||     1
    Use: Scroll            |       |     5 |     6 |     8 |    19 |     8 |     8 |     2 |    27 ||    83
         Potion            |       |     2 |     3 |     3 |     1 |     2 |     4 |    11 |    42 ||    68
   Stab: Paralysed         |       |       |     8 |       |       |       |       |       |       ||     8
 Armour: Scale mail        |    58 |    93 |    96 |       |    46 |       |       |       |       ||   293
         Chain mail        |       |       |    56 |   324 |   311 |       |       |       |       ||   691
         Skin              |       |       |    24 |       |       |       |       |       |       ||    24
         Plate armour      |       |       |       |       |   233 |   469 |       |       |       ||   702
         Crystal plate arm |       |       |       |       |       |   719 |   854 |  1305 |  2020 ||  4898
  Dodge: Dodged            |    38 |    71 |   191 |   413 |   468 |   469 |   348 |   364 |  1082 ||  3444
  Block: Buckler           |    14 |    25 |    57 |   164 |   503 |   740 |       |       |       ||  1503
         Reflection        |       |       |       |       |    12 |    16 |    63 |    35 |       ||   126
         Kite shield       |       |       |       |       |       |   270 |  1090 |   194 |       ||  1554
         Tower shield      |       |       |       |       |       |       |       |  1323 |  4281 ||  5604
Riposte: Sacred scourge    |       |       |       |       |       |       |       |    28 |  1542 ||  1570
